 Dungeon Crawl Stone Soup version 0.29.1-14-g9c671dbff4 (webtiles) character file.

Game seed: 14958243452095662184

33 hawla the Firebug (level 3, -1/39 HPs)
             Began as a Meteoran Fire Elementalist on Feb 18, 2023.
             Slain by a scorpion (2 damage)
             ... on level 4 of the Dungeon.
             The game lasted 00:02:12 (514 turns).

hawla the Firebug (Meteoran Fire Elementalist)       Turns: 514, Time: 00:02:13

Health: -1/39      AC: 21    Str:  9    XL:     3   Next: 70%
Magic:  4/8        EV:  2    Int: 25    God:
Gold:   33         SH:  0    Dex: 14    Spells: 5/8 levels left

rFire   . . .      SeeInvis .   (no weapon)
rCold   . . .      Faith    .   (no shield)
rNeg    . . .      Spirit   .   (body armour currently unavailable)
rPois   +          Reflect  .   (helmet currently unavailable)
rElec   .          Harm     .   (cloak currently unavailable)
rCorr   .          Rampage  .   (gloves currently unavailable)
Will    .....      NoTele   +   (boots currently unavailable)
Stlth   +.........              (no amulet)
HPRegen 0.13/turn               d - +6 ring of intelligence
MPRegen 0.11/turn               (no ring)

@: lethally poisoned (-1 -> -10), tree-form, held, glowing
A: stationary, stasis, torment immunity, boosted hp, sense surroundings 1,
otherworldly, glowing, explore regen
a: no special abilities


You were on level 4 of the Dungeon.
You were a tree.
You visited 1 branch of the dungeon, and saw 4 of its levels.

You collected 33 gold pieces.

Inventory:

Armour
 a - a +0 robe (melded)
Jewellery
 d - a +6 ring of intelligence (left branch)
Potions
 c - a potion of lignification


   Skills:
 + Level 2.7 Dodging
 - Level 1.4 Stealth
 + Level 3.1 Spellcasting
 + Level 1.4 Conjurations
 + Level 4.7 Fire Magic


You had 5 spell levels left.
You knew the following spells:

 Your Spells              Type           Power      Damage    Failure   Level
a - Foxfire               Conj/Fire      76%        2x1d7     2%          1
b - Scorch                Fire           54%        2d7       2%          2

Your spell library contained the following spells:

 Spells                   Type           Power      Damage    Failure   Level
 Conjure Flame            Conj/Fire      19%        6-21      9%          3
 Freeze                   Ice            12%        1d4       10%         1
 Inner Flame              Hex/Fire       15%        N/A       12%         3
 Flame Wave               Conj/Fire      19%        2d7       28%         4
 Frozen Ramparts          Ice            6%         1d1       30%         3
 Tukima's Dance           Hex            3%         N/A       30%         3
 Hailstorm                Conj/Ice       7%         3d4       58%         4
 Passage of Golubria      Tloc           3%         N/A       69%         4
 Yara's Violent Unravell  Hex/Tmut       1%         3d3       95%         5


Dungeon Overview and Level Annotations

Branches:
Dungeon (4/15) Zot: 1886
 Temple: D:4-7

Altars:


Innate Abilities, Weirdness & Mutations

You are a tree.
Your roots penetrate the ground, keeping you stationary.
You cannot be teleported.
You are immune to unholy pain and torment.
Your maximum health is greatly increased.
Your equipment is partially melded.
You passively map a small area around you.
You are easily found by Zot.
You glow in the dark.
You regain HP and MP as you explore.


Message History

The gnoll is moderately wounded.
The gnoll's fire resistance burns away.
You feel sick. The scorpion stings you.
The scorpion stings you but does no damage.
The gnoll barely misses you.
Casting: Scorch (safe; 2% risk of failure)
Confirm with . or Enter, or press ? or * to list all spells.
You conjure some foxfire!
You feel sick.
The scorpion is no longer more vulnerable to fire.
The scorpion stings you.
The gnoll hits you from afar with a +0 spear.
The gnoll throws a throwing net.
The throwing net hits you.
You become entangled in the net!
Casting: Foxfire (safe; 2% risk of failure)
Confirm with . or Enter, or press ? or * to list all spells.
You don't have enough magic to cast this spell.
Unknown command.
Magic courses through your body.
You feel sick.
The foxfire hits the scorpion.
The scorpion is heavily wounded.
The foxfire hits the gnoll.
The gnoll is lightly wounded.
The scorpion stings you.
* * * LOW HITPOINT WARNING * * *
The gnoll hits you but does no damage. x2
Casting: Foxfire (safe; 2% risk of failure)
Confirm with . or Enter, or press ? or * to list all spells.
Flames lash the gnoll.
The gnoll is burned terribly!
The gnoll is almost dead.
You feel sick. The scorpion stings you.
* * * LOW HITPOINT WARNING * * *
You are lethally poisoned!
The scorpion poisons you!
The gnoll hits you but does no damage. x3
Okay, then.
Casting: Scorch (safe; 2% risk of failure)
Confirm with . or Enter, or press ? or * to list all spells.
Flames lash the gnoll.
You kill the gnoll!
* * * LOW HITPOINT WARNING * * *
You feel very sick. The scorpion stings you.
You die...

*** *##...! , ,
........ .... ,
#...# *, ,
....#.##...##*
##.### *
..$......... #..#
#..#.#...#.......#
#......)........##
#...gg.....#...
#....g.........
#♣.......<..., ,
........s..........
,
.................).
, ............... ,
,, #..####........
,, ##, ,......... ,
, * * #........, ,
..#...... , , * ,


You could see a scorpion and 3 gnolls.

Vanquished Creatures
  An adder (D:3)
  A gnoll (D:4)
  2 dart slugs
  A bat (D:2)
  3 endoplasms
  A giant cockroach (D:1)
  A hobgoblin (D:3)
  6 jackals
  A frilled lizard (D:2)
  A rat (D:1)
18 creatures vanquished.

Vanquished Creatures (collateral kills)
  A foxfire (D:3)
1 creature vanquished.

Vanquished Creatures (others)
  38 foxfires
  A plant (D:3)
39 creatures vanquished.

Grand Total: 58 creatures vanquished

Notes
Turn   | Place    | Note
-------+----------+-------------------------------------------
     0 | D:1      | hawla the Meteoran Fire Elementalist began the quest for
                  | the Orb.
     0 | D:1      | Reached XP level 1. HP: 14/14 MP: 5/5
   145 | D:1      | Reached skill level 4 in Fire Magic
   145 | D:1      | Reached XP level 2. HP: 16/20 MP: 0/6
   150 | D:1      | Learned a level 2 spell: Scorch
   351 | D:2      | Reached XP level 3. HP: 26/26 MP: 4/8
   506 | D:4      | Noticed a scorpion
   514 | D:4      | HP: 1/39 [poisoned by a scorpion]
   514 | D:4      | Slain by a scorpion

Illustrated notes

Levels and vault maps discovered:
D:1:      wander_arrival_peaceful_grave, layout_basic
D:2:      layout_loops_corners, nicolae_ecumenical_oubliette
D:3:      layout_rooms, kennysheep_vampire_church,
          mainiacjoe_overflow_divided_tiny, serial_forest,
          infiniplex_forest_lined_corner, infiniplex_forest_lined_room_2,
          infiniplex_forest_clump_small, infiniplex_forest_clump_tiny,
          infiniplex_forest_straight_2, infiniplex_forest_clump_large,
          infiniplex_forest_lined_1, minmay_door_square, uniq_sigmund
D:4:      layout_rooms, mainiacjoe_overflow_24_doors,
          mainiacjoe_overflow_cross_hatched, minmay_temple_entry_hall,
          portal_sewer_entry_d, gammafunk_ghost_icy, minmay_misc_feat_doors,
          uniq_robin

Skill      XL: |  1  2  3 |
---------------+----------+-----
Fire Magic     | 4 |  4.7
Spellcasting   | 3 |  3.1
Dodging        | |  2.7
Stealth        | |  1.4
Conjurations   | |  1.4

Action                   || total
-------------------------++-------
Melee: Unarmed           ||     1
 Cast: Foxfire           ||    21
       Scorch            ||    13
  Use: Scroll            ||     4
       Potion            ||     2
Armor: Skin              ||     7
Dodge: Dodged            ||     4
